Map: [ESL] NeoHumanity

Players

GuMiho

  • Race: Terran Terran

Reynor - Winner!

  • Race: Zerg Zerg

Event: IEM Katowice 2023

VOD

Have the link to the VOD?

Description

Time

  • Played on: Feb. 10, 2023, 7:03 a.m.
  • Length: 7:21

All games in this series

Show
View Real Time Build Order
Export as new Build Order

GuMiho Terran 

Build Orders: Hellion Opening 

Get SALT Encoding   

  12  0:00  SCV  
  13  0:12  SCV  
  14  0:17  Supply Depot  
  14  0:24  SCV  
  15  0:38  SCV  
  15  0:40  Barracks  
  15  0:42  Refinery  
  16  0:50  SCV  
  17  1:02  SCV  
  18  1:14  SCV  
  19  1:27  Orbital Command, Barracks Reactor  
  19  1:37  Command Center  
  19  1:44  Supply Depot  
  19  1:53  SCV  
  20  2:03  Marine x2  
  20  2:05  SCV  
  20  2:08  Factory  
  23  2:17  SCV  
  23  2:21  Marine x2  
  26  2:29  SCV  
  27  2:39  Marine x2  
  27  2:41  SCV  
  30  2:50  Orbital Command  
  30  2:53  SCV, Starport  
  31  3:02  Hellion x2  
  31  3:03  Barracks Tech Lab  
  35  3:05  SCV  
  35  3:10  Supply Depot  
  36  3:16  SCV  
  36  3:17  SCV  
  38  3:23  Hellion x2  
  42  3:28  SCV  
  42  3:30  SCV  
  44  3:40  SCV  
  48  3:42  SCV  
  48  3:45  Hellion x2  
  48  3:48  Raven  
  52  3:52  Command Center  
  52  3:54  SCV x2  
  54  4:03  Supply Depot  
  54  4:07  SCV  
  54  4:18  Barracks  
  54  4:19  Barracks  
  54  4:21  Factory Reactor  
  54  4:22  Supply Depot  
  54  4:25  SCV x2  
  54  4:30  Barracks Reactor  
  56  4:37  SCV  
  55  4:44  SCV  
  42  4:49  SCV  
  36  4:56  SCV  
  36  4:59  Hellion x2  
  38  5:00  Refinery  
  38  5:01  SCV  
  39  5:08  SCV x2  
  39  5:13  SCV  
  42  5:20  SCV  
  41  5:21  SCV  
  41  5:23  Hellion x2  
  41  5:24  Marine  
  41  5:25  Marine x2  
  41  5:26  Marine, SCV  
  41  5:27  Stimpack  
  49  5:31  Refinery  
  49  5:32  SCV  
  49  5:34  Orbital Command  
  49  5:38  Refinery  
  49  5:42  Marine  
  49  5:44  Marine x3  
  49  5:49  SCV x2  
  55  5:53  Orbital Command, Hellion  
  55  5:54  Hellion  
  59  6:00  Marine, Medivac  
  59  6:01  SCV x2  
  59  6:02  Marine x2  
  59  6:04  Medivac  
  68  6:12  Marine  
  68  6:13  SCV x2  
  68  6:18  Marine  
  72  6:19  Marine x2  
  72  6:20  SCV  
  75  6:25  SCV x2  
  75  6:29  Marine  
  75  6:30  Medivac  
  75  6:32  SCV  
  81  6:33  Supply Depot  
  81  6:34  Medivac  
  81  6:35  Supply Depot  
  81  6:36  Marine  
  81  6:37  Marine, SCV  
  81  6:38  SCV  
  85  6:42  Engineering Bay  
  85  6:51  Marine, SCV  
  85  6:52  Marine  
  85  6:55  Widow Mine x2, SCV x2  
  85  6:56  Marine x2  
  88  7:03  SCV  
Show
View Real Time Build Order
Export as new Build Order

Reynor Zerg - Winner!

Build Orders: Hatch First 

Get SALT Encoding   

  12  0:00  Drone  
  13  0:12  Overlord  
  13  0:16  Drone  
  14  0:30  Drone x2  
  16  0:49  Hatchery  
  15  0:51  Drone  
  15  0:54  Drone  
  17  0:57  Drone  
  18  1:08  Extractor  
  17  1:12  Spawning Pool  
  17  1:15  Drone  
  17  1:18  Drone  
  18  1:27  Drone  
  19  1:38  Drone  
  20  1:48  Overlord  
  20  1:59  Queen  
  20  2:01  Queen  
  24  2:08  Zergling x2  
  24  2:09  Zergling x2  
  24  2:10  Drone  
  24  2:12  Metabolic Boost, Drone  
  28  2:21  Drone  
  29  2:23  Drone  
  30  2:32  Drone  
  30  2:33  Drone  
  30  2:35  Queen  
  34  2:37  Queen  
  34  2:42  Overlord  
  36  2:47  Overlord  
  36  3:00  Drone  
  36  3:01  Drone  
  36  3:04  Drone  
  39  3:07  Drone x2  
  39  3:08  Drone x2  
  39  3:10  Overlord  
  43  3:14  Lair  
  43  3:16  Drone  
  44  3:32  Drone x2  
  46  3:35  Hatchery, Zergling x4  
  46  3:41  Drone  
  48  3:45  Overlord, Baneling Nest  
  48  3:47  Drone  
  48  3:49  Extractor  
  48  3:52  Queen  
  48  3:54  Drone  
  50  3:56  Drone  
  51  4:03  Zergling x8  
  53  4:11  Zergling x4  
  53  4:12  Zergling x2  
  53  4:14  Overlord  
  53  4:15  Drone x2  
  53  4:17  Drone  
  59  4:22  Extractor  
  59  4:24  Extractor  
  57  4:25  Overlord  
  57  4:31  Zergling x4  
  57  4:38  Drone  
  60  4:41  Drone  
  60  4:42  Queen  
  60  4:43  Spire  
  57  4:47  Drone  
  57  4:48  Drone x2  
  57  4:49  Drone x2  
  61  4:55  Drone  
  61  4:58  Overlord  
  61  4:59  Drone  
  63  5:05  Drone  
  64  5:08  Drone  
  64  5:10  Drone, Queen  
  68  5:14  Overlord  
  68  5:15  Drone x2  
  68  5:17  Drone  
  68  5:20  Drone  
  72  5:25  Overlord  
  72  5:27  Drone  
  71  5:31  Drone  
  71  5:35  Zergling x2  
  72  5:37  Zergling x2  
  73  5:44  Overlord  
  73  5:47  Zergling x2  
  74  5:56  Mutalisk x7  
  76  6:03  Drone  
  89  6:06  Drone  
  90  6:12  Drone x4  
  90  6:13  Extractor  
  90  6:14  Drone x3  
  90  6:15  Extractor  
  90  6:17  Overlord  
  90  6:18  Hatchery  
  94  6:20  Drone  
  94  6:33  Zergling x10  
  94  6:39  Zergling x4  
  101  6:42  Zergling x4  
  101  6:43  Zergling x8  
  101  6:46  Drone  
  101  6:47  Drone  
  109  6:49  Overlord  
  109  6:54  Baneling x6  
  107  6:55  Baneling x6  
  107  6:57  Zergling x4  

Tags
 
Add a new tag
Caveats
  • Supply blocks, unpowered buildings, or Contaminate may cause inaccurate times.
  • Supply counts are checked every 10 seconds.